Inferno vs Royaux
Created - November 25, 2020 at 19:34
Goals
|
| Inferno |
0 |
2 |
1 |
0 |
0 |
3 |
| Royaux |
0 |
1 |
2 |
0 |
1 |
4 |
|
Shots
|
| Inferno |
7 |
3 |
22 |
0 |
3 |
32 |
| Royaux |
8 |
14 |
16 |
0 |
3 |
38 |
|
1st period
No Goal
Penalties :
David Savard (Anc) for Interference (Minor) at 3:21
2nd period
1. Inferno , David Savard 2 (Philip Varone 10, Esa Lindell 14) at 11:03
2. Royaux , Garrett Wilson 2 (Ben Hanowski 12, Jordie Benn 5) at 12:34 (SH)
3. Inferno , Tanner Pearson 12 (Kevin Labanc 15, Victor Rask 9) at 13:00 (PP)
Penalties :
Esa Lindell (Anc) for Holding (Minor) at 0:59, Greg Pateryn (Anc) for Roughing (Minor) at 5:53, Travis Sanheim (Cap) for Tripping (Minor) at 11:08
3rd period
4. Royaux , Marcus Pettersson 1 (Kasperi Kapanen 7, Mathew Barzal 4) at 2:37
5. Royaux , Mathew Barzal 5 (Kasperi Kapanen 8, Marcus Pettersson 9) at 2:53
6. Inferno , Bryan Rust 5 (David Savard 8, Esa Lindell 15) at 19:20
Penalties :
Mathieu Joseph (Cap) for High sticking (Minor) at 9:18, Travis Sanheim (Cap) for Interference (Minor) at 19:37
Overtime #1
No Goal
Penalties :
No Penalty
Shootout
Inferno, Tanner Pearson - Stopped by Igor Shesterkin
Royaux, Dylan Larkin - Stopped by Michael Hutchinson
Inferno, Jake DeBrusk - Shot Misses the Net
Royaux, Rourke Chartier - Stopped by Michael Hutchinson
Inferno, Evgeny Svechnikov - Stopped by Igor Shesterkin
Royaux, Danny Kristo - Goal!
Penalties :
No Penalty
Goalie Stats
Michael Hutchinson (Anc), 35 saves from 38 shots - (0.921), OTL, 8-2-4, 64:56 minutes
Igor Shesterkin (Cap), 29 saves from 32 shots - (0.906), W, 6-5-0, 65:00 minutes
Players Stats for Inferno
Player Name G A P +/- PIM S H SB GA TA FO MP PP MP PK MP
------------------------------------------------------------------------------------
Barclay Goodrow 0 0 0 0 0 0 1 0 0 0 0/0 7:36 0:00 0:00
Bryan Rust 1 0 1 1 0 4 1 0 0 0 1/1 21:31 0:00 3:33
Chris Brown 0 0 0 0 0 1 1 0 0 0 1/2 9:12 0:00 0:45
David Savard 1 1 2 0 2 2 2 3 0 1 0/0 27:08 2:33 2:04
Esa Lindell 0 2 2 0 2 7 1 3 1 1 0/0 27:34 2:33 2:08
Evgeny Svechnikov 0 0 0 -1 0 0 1 0 0 0 0/0 14:59 1:35 0:00
Frank Corrado 0 0 0 0 0 0 0 1 0 0 0/0 13:04 0:00 0:00
Greg Pateryn 0 0 0 -1 2 1 1 1 1 1 0/0 22:28 1:40 2:08
Jake DeBrusk 0 0 0 -1 0 2 1 0 0 0 0/0 16:03 1:35 0:46
Kevin Labanc 0 1 1 -1 0 2 2 1 2 1 0/0 15:45 2:38 0:00
Mathieu Brodeur 0 0 0 -1 0 0 0 2 0 0 0/0 23:01 1:40 3:05
Matthew Nieto 0 0 0 0 0 3 1 0 0 0 0/0 15:55 0:00 1:38
Peter Cehlarik 0 0 0 0 0 0 0 0 0 0 0/0 7:49 0:00 0:00
Philip Varone 0 1 1 1 0 1 0 1 0 0 12/30 21:28 0:00 3:15
Rasmus Andersson 0 0 0 0 0 1 0 0 0 3 0/0 15:43 0:00 2:29
Ryan Spooner 0 0 0 -1 0 5 2 0 0 0 5/10 15:58 1:35 1:57
Tanner Pearson 1 0 1 0 0 3 3 0 0 0 1/3 20:54 2:38 0:00
Victor Rask 0 1 1 -1 0 0 1 0 0 1 10/21 17:04 2:38 0:00
Players Stats for Royaux
Player Name G A P +/- PIM S H SB GA TA FO MP PP MP PK MP
------------------------------------------------------------------------------------
Ben Hanowski 0 1 1 1 0 1 3 0 0 0 1/2 18:40 3:11 0:50
Brandon Pirri 0 0 0 1 0 7 2 1 2 0 0/0 18:59 2:44 0:24
Danny Kristo 0 0 0 -1 0 1 0 1 0 0 3/9 17:21 0:00 3:13
Dylan Larkin 0 0 0 0 0 3 3 0 0 0 16/23 18:25 3:11 0:00
Garrett Wilson 1 0 1 0 0 4 0 1 1 0 1/2 10:28 0:00 1:52
Haydn Fleury 0 0 0 0 0 0 0 5 0 1 0/0 18:47 0:00 3:57
Jordie Benn 0 1 1 2 0 2 1 3 1 1 0/0 26:29 3:25 3:57
Kasperi Kapanen 0 2 2 1 0 2 0 3 0 0 0/1 19:12 2:44 0:45
Marcus Pettersson 1 1 2 1 0 3 1 2 2 0 0/0 23:12 3:25 0:00
Mathew Barzal 1 1 2 1 0 1 0 0 0 0 5/16 17:28 2:44 0:00
Mathieu Joseph 0 0 0 0 2 0 0 0 0 0 0/0 7:46 0:00 0:00
Phil Oreskovic 0 0 0 -1 0 2 2 3 0 0 0/0 18:51 2:32 1:53
Rourke Chartier 0 0 0 0 0 1 1 0 0 0 6/8 13:06 0:02 0:00
Simon Despres 0 0 0 0 0 0 3 2 0 1 0/0 19:19 0:00 1:53
Sonny Milano 0 0 0 0 0 2 2 1 0 0 1/1 13:08 0:09 0:00
Travis Sanheim 0 0 0 0 4 3 0 0 0 0 0/0 21:15 2:32 0:00
Tye McGinn 0 0 0 -1 0 5 1 0 2 1 2/2 22:03 3:06 2:59
Vladislav Namestnikov 0 0 0 0 0 1 0 0 0 0 2/3 8:19 0:00 0:00
3 Stars
1 - Marcus Pettersson (Cap)
2 - Mathew Barzal (Cap)
3 - Kasperi Kapanen (Cap)
Power Play
Inferno - 1 on 3 Attempt(s) - 33.33%
Royaux - 0 on 3 Attempt(s) - 0.00%
Penalty Kill
Inferno - 3 on 3 Attempt(s) - 100.00%
- Score 0 goal in Penalty Kill
Royaux - 2 on 3 Attempt(s) - 66.67%
- Score 1 goal in Penalty Kill
Team Stat
Inferno - Hits : 18 - Faceoff Wins : 30 - Blocked Shots : 12 - Penalty Minutes : 6
Royaux - Hits : 19 - Faceoff Wins : 37 - Blocked Shots : 22 - Penalty Minutes : 6
Official
Referees : Unknown
Linesman : Unknown
Game Notes
No Game Note
Finance
Level 1 -- Attendance: 1535 (76.75%) -- Ticket Income $53,725
Level 2 -- Attendance: 721 (72.10%) -- Ticket Income $14,420
Total Attendance: 2256 (75.20%)
Total Ticket Income: $68,145
Other Income: $3,407
Total Income: $71,552
Inferno
5 vs 5 Forward
Center Left Wing Right Wing Time % Phy DF OF
1 Philip Varone Tanner Pearson Bryan Rust 40 1 2 2
2 Victor Rask Matthew Nieto Kevin Labanc 30 1 2 2
3 Ryan Spooner Jake DeBrusk Evgeny Svechnikov 20 1 2 2
4 Chris Brown Peter Cehlarik Barclay Goodrow 10 1 2 2
5 vs 5 Defense
Defense Defense Time % Phy DF OF
1 David Savard Esa Lindell 40 1 2 2
2 Mathieu Brodeur Greg Pateryn 30 1 2 2
3 Frank Corrado Rasmus Andersson 20 1 2 2
4 Mathieu Brodeur Greg Pateryn 10 1 2 2
PowerPlay Forward
Center Left Wing Right Wing Time % Phy DF OF
1 Victor Rask Tanner Pearson Kevin Labanc 60 1 2 2
2 Ryan Spooner Jake DeBrusk Evgeny Svechnikov 40 1 2 2
PowerPlay Defense
Defense Defense Time % Phy DF OF
1 David Savard Esa Lindell 60 1 2 2
2 Mathieu Brodeur Greg Pateryn 40 1 2 2
Penalty Kill 4 Players Forward
Center Wing Time % Phy DF OF
1 Philip Varone Bryan Rust 60 1 2 2
2 Ryan Spooner Matthew Nieto 40 1 2 2
Penalty Kill 4 Players Defense
Defense Defense Time % Phy DF OF
1 David Savard Esa Lindell 60 1 2 2
2 Mathieu Brodeur Greg Pateryn 40 1 2 2
Penalty Kill - 3 Players Forward
Forward Time % Phy DF OF
1 Philip Varone 60 1 2 2
2 Bryan Rust 40 1 2 2
Penalty Kill - 3 Players Defense
Defense Defense Time % Phy DF OF
1 David Savard Esa Lindell 60 1 2 2
2 Mathieu Brodeur Greg Pateryn 40 1 2 2
4 vs 4 Forward
Center Wing Time % Phy DF OF
1 Philip Varone Tanner Pearson 60 1 2 2
2 Victor Rask Bryan Rust 40 1 2 2
4 vs 4 Defense
Defense Defense Time % Phy DF OF
1 David Savard Esa Lindell 60 1 2 2
2 Mathieu Brodeur Greg Pateryn 40 1 2 2
Last Minutes Offensive
Center Left Wing Right Wing Defense Defense
Philip Varone Tanner Pearson Bryan Rust David Savard Esa Lindell
Last Minutes Defensive
Center Left Wing Right Wing Defense Defense
Philip Varone Tanner Pearson Bryan Rust David Savard Esa Lindell
Goaltenders
Starting : Michael Hutchinson
Backup : Antti Raanta
Extra Forwards
Normal : Jake DeBrusk, Matthew Nieto, Evgeny Svechnikov - PP : Evgeny Svechnikov, Matthew Nieto - PK : Ryan Spooner
Extra Defensemen
Normal : Mathieu Brodeur, Greg Pateryn, Rasmus Andersson - PP : Greg Pateryn - PK : Mathieu Brodeur, Greg Pateryn
Penalty Shots
Tanner Pearson, Jake DeBrusk, Evgeny Svechnikov, Kevin Labanc, Victor Rask
Scratches
Tyler Shattock (Healthy), Christian Jaros (Healthy), Trevor Carrick (Healthy), Petteri Lindbohm (Healthy), Alexander True (Healthy)
Eric Karlsson (Healthy), John Gilmour (Healthy), Vladimir Sobotka (Head Injury), Ryan Donato (Healthy), Vladislav Kamenev (Healthy)
Dominik Masin (Healthy), Brandon Hickey (Healthy), Nathan Lieuwen (Healthy), Vitek Vanecek (Healthy)
Royaux
5 vs 5 Forward
Center Left Wing Right Wing Time % Phy DF OF
1 Dylan Larkin Tye McGinn Ben Hanowski 35 0 2 3
2 Mathew Barzal Brandon Pirri Kasperi Kapanen 35 0 2 3
3 Rourke Chartier Sonny Milano Danny Kristo 20 0 2 3
4 Vladislav Namestnikov Garrett Wilson Mathieu Joseph 10 0 3 2
5 vs 5 Defense
Defense Defense Time % Phy DF OF
1 Travis Sanheim Simon Despres 35 0 3 2
2 Jordie Benn Marcus Pettersson 35 0 3 2
3 Haydn Fleury Phil Oreskovic 15 0 3 2
4 Haydn Fleury Phil Oreskovic 15 0 3 2
PowerPlay Forward
Center Left Wing Right Wing Time % Phy DF OF
1 Dylan Larkin Tye McGinn Ben Hanowski 60 0 1 4
2 Mathew Barzal Brandon Pirri Kasperi Kapanen 40 0 1 4
PowerPlay Defense
Defense Defense Time % Phy DF OF
1 Jordie Benn Marcus Pettersson 60 0 2 3
2 Phil Oreskovic Travis Sanheim 40 0 2 3
Penalty Kill 4 Players Forward
Center Wing Time % Phy DF OF
1 Danny Kristo Tye McGinn 60 0 4 1
2 Ben Hanowski Garrett Wilson 40 0 4 1
Penalty Kill 4 Players Defense
Defense Defense Time % Phy DF OF
1 Jordie Benn Haydn Fleury 60 1 2 2
2 Phil Oreskovic Simon Despres 40 1 2 2
Penalty Kill - 3 Players Forward
Forward Time % Phy DF OF
1 Garrett Wilson 60 0 4 1
2 Danny Kristo 40 0 4 1
Penalty Kill - 3 Players Defense
Defense Defense Time % Phy DF OF
1 Jordie Benn Haydn Fleury 60 1 2 2
2 Phil Oreskovic Simon Despres 40 1 2 2
4 vs 4 Forward
Center Wing Time % Phy DF OF
1 Dylan Larkin Tye McGinn 60 0 2 3
2 Ben Hanowski Kasperi Kapanen 40 0 2 3
4 vs 4 Defense
Defense Defense Time % Phy DF OF
1 Travis Sanheim Haydn Fleury 60 0 3 2
2 Marcus Pettersson Phil Oreskovic 40 0 3 2
Last Minutes Offensive
Center Left Wing Right Wing Defense Defense
Dylan Larkin Tye McGinn Ben Hanowski Marcus Pettersson Travis Sanheim
Last Minutes Defensive
Center Left Wing Right Wing Defense Defense
Danny Kristo Garrett Wilson Tye McGinn Haydn Fleury Simon Despres
Goaltenders
Starting : Igor Shesterkin
Backup : Olivier Roy
Extra Forwards
Normal : Dylan Larkin, Kasperi Kapanen, Danny Kristo - PP : Sonny Milano, Rourke Chartier - PK : Kasperi Kapanen
Extra Defensemen
Normal : Simon Despres, Marcus Pettersson, Haydn Fleury - PP : Haydn Fleury - PK : Marcus Pettersson, Travis Sanheim
Penalty Shots
Dylan Larkin, Rourke Chartier, Danny Kristo, Sonny Milano, Ben Hanowski
Scratches
Troy Terry (Healthy), Tanner Kero (Healthy), Greg McKegg (Healthy), Nikita Pavlychev (Healthy), Brendan Woods (Separated Left Shoulder Injury)
Konrad Abeltshauser (Healthy), Dylan DeMelo (Healthy), Tomas Hyka (Healthy), Ian McCoshen (Healthy), Michael Bunting (Healthy)
Ryan Mantha (Healthy), Jack Ramsey (Healthy), Marcus Hogberg (Healthy)
% Time on Ice - Inferno
Lines # - Real PCT - Wanted PCT - Time Play
Normal Forward
1 - 34% - 40% - 16:43
2 - 27% - 30% - 13:19
3 - 25% - 20% - 12:14
4 - 15% - 10% - 7:12
Normal Defense
1 - 42% - 40% - 20:33
2 - 29% - 30% - 14:21
3 - 23% - 20% - 11:24
4 - 6% - 10% - 3:10
PP Forward
1 - 62% - 60% - 2:38
2 - 38% - 40% - 1:35
PP Defense
1 - 60% - 60% - 2:33
2 - 40% - 40% - 1:40
PK Forward
1 - 73% - 60% - 4:19
2 - 27% - 40% - 1:38
PK Defense
1 - 69% - 60% - 4:07
2 - 31% - 40% - 1:50
PK3 Forward
1 - 0% - 60%
2 - 0% - 40%
PK3 Defense
1 - 0% - 60%
2 - 0% - 40%
44 Forward
1 - 75% - 60% - 3:46
2 - 25% - 40% - 1:14
44 Defense
1 - 51% - 60% - 2:32
2 - 49% - 40% - 2:28
Last Minute Offensive - 0:22
Last Minute Defensive - 0:00
Total
Forward - 65:00
Defense - 65:00
|
% Time on Ice - Royaux
Lines # - Real PCT - Wanted PCT - Time Play
Normal Forward
1 - 31% - 35% - 15:13
2 - 30% - 35% - 14:52
3 - 25% - 20% - 12:08
4 - 15% - 10% - 7:16
Normal Defense
1 - 37% - 35% - 18:13
2 - 37% - 35% - 18:05
3 - 14% - 15% - 7:06
4 - 12% - 15% - 6:05
PP Forward
1 - 54% - 60% - 3:13
2 - 46% - 40% - 2:44
PP Defense
1 - 57% - 60% - 3:25
2 - 43% - 40% - 2:32
PK Forward
1 - 80% - 60% - 3:23
2 - 20% - 40% - 0:50
PK Defense
1 - 71% - 60% - 3:00
2 - 29% - 40% - 1:13
PK3 Forward
1 - 86% - 60% - 1:23
2 - 14% - 40% - 0:14
PK3 Defense
1 - 59% - 60% - 0:57
2 - 41% - 40% - 0:40
44 Forward
1 - 84% - 60% - 2:51
2 - 16% - 40% - 0:32
44 Defense
1 - 63% - 60% - 2:07
2 - 37% - 40% - 1:16
Last Minute Offensive - 0:00
Last Minute Defensive - 0:21
Total
Forward - 65:00
Defense - 65:00
|
Play-by-Play
1st period
0:01 of 1st period - Philip Varone wins face-off versus Dylan Larkin in neutral zone.
0:16 of 1st period - Wrist shot by Tanner Pearson.
0:16 of 1st period - Shot Misses the Net.
0:26 of 1st period - Kevin Labanc is hit by Brandon Pirri.
1:14 of 1st period - Wrist shot by Tanner Pearson.
1:14 of 1st period - Deflect By Bryan Rust.
1:14 of 1st period - Shot Blocked by Marcus Pettersson.
1:14 of 1st period - Puck is out of play.
1:15 of 1st period - Victor Rask wins face-off versus Mathew Barzal in Royaux zone.
1:48 of 1st period - Icing by Rasmus Andersson.
1:49 of 1st period - Rourke Chartier wins face-off versus Philip Varone in Inferno zone.
1:56 of 1st period - Snap shot by Rourke Chartier.
1:56 of 1st period - Deflect By Frank Corrado.
1:56 of 1st period - Stopped by Michael Hutchinson without a rebound.
1:57 of 1st period - Rourke Chartier wins face-off versus Ryan Spooner in Inferno zone.
2:28 of 1st period - Snap shot by Sonny Milano.
2:28 of 1st period - Shot Misses the Net.
2:36 of 1st period - Snap shot by Danny Kristo.
2:36 of 1st period - Shot Misses the Net.
2:40 of 1st period - Snap shot by Rourke Chartier.
2:40 of 1st period - Shot Blocked by Mathieu Brodeur.
2:42 of 1st period - Backhand shot by Phil Oreskovic.
2:42 of 1st period - Stopped by Michael Hutchinson with a rebound.
2:44 of 1st period - Snap shot by Sonny Milano.
2:44 of 1st period - Stopped by Michael Hutchinson with a rebound.
2:46 of 1st period - Slapshot by Phil Oreskovic.
2:46 of 1st period - Shot Misses the Net.
3:12 of 1st period - Wrist shot by Danny Kristo.
3:12 of 1st period - Deflect By Ryan Spooner.
3:12 of 1st period - Shot Blocked by Mathieu Brodeur.
3:12 of 1st period - Puck is out of play.
3:13 of 1st period - Dylan Larkin wins face-off versus Tanner Pearson in Inferno zone.
3:21 of 1st period - Minor Penalty to David Savard for Interference.
3:22 of 1st period - Dylan Larkin wins face-off versus Philip Varone in Inferno zone.
3:55 of 1st period - Snap shot by Kasperi Kapanen.
3:55 of 1st period - Stopped by Michael Hutchinson without a rebound.
3:56 of 1st period - Ryan Spooner wins face-off versus Mathew Barzal in Inferno zone.
4:07 of 1st period - Snap shot by Brandon Pirri.
4:07 of 1st period - Stopped by Michael Hutchinson without a rebound.
4:08 of 1st period - Ben Hanowski wins face-off versus Philip Varone in Inferno zone.
5:21 of 1st period - Penalty to David Savard is over, David Savard is back on ice.
5:32 of 1st period - Snap shot by Chris Brown.
5:32 of 1st period - Stopped by Igor Shesterkin with a rebound.
6:24 of 1st period - Rasmus Andersson is hit by Tye McGinn.
6:53 of 1st period - Kasperi Kapanen is hit by Kevin Labanc and loses puck.
7:07 of 1st period - Off-side.
7:08 of 1st period - Rourke Chartier wins face-off versus Ryan Spooner in neutral zone.
7:19 of 1st period - Wrist shot by Ryan Spooner.
7:19 of 1st period - Stopped by Igor Shesterkin with a rebound.
7:33 of 1st period - Snap shot by Brandon Pirri.
7:33 of 1st period - Shot Blocked by David Savard.
7:59 of 1st period - Slapshot by Esa Lindell.
7:59 of 1st period - Stopped by Igor Shesterkin with a rebound.
8:01 of 1st period - Slapshot by Esa Lindell.
8:01 of 1st period - Stopped by Igor Shesterkin with a rebound.
8:05 of 1st period - Wrist shot by Ryan Spooner.
8:05 of 1st period - Shot Misses the Net.
8:17 of 1st period - Wrist shot by Evgeny Svechnikov.
8:17 of 1st period - Shot Blocked by Marcus Pettersson.
9:00 of 1st period - Wrist shot by Brandon Pirri.
9:00 of 1st period - Shot Blocked by Esa Lindell.
9:27 of 1st period - Snap shot by Ryan Spooner.
9:27 of 1st period - Shot Misses the Net.
9:29 of 1st period - Slapshot by David Savard.
9:29 of 1st period - Shot Blocked by Kasperi Kapanen.
9:31 of 1st period - Slapshot by Esa Lindell.
9:31 of 1st period - Stopped by Igor Shesterkin with a rebound.
9:39 of 1st period - Wrist shot by Brandon Pirri.
9:39 of 1st period - Stopped by Michael Hutchinson with a rebound.
9:53 of 1st period - Slapshot by David Savard.
9:53 of 1st period - Shot Misses the Net.
10:32 of 1st period - Icing by Marcus Pettersson.
10:33 of 1st period - Philip Varone wins face-off versus Mathew Barzal in Royaux zone.
10:42 of 1st period - Wrist shot by Philip Varone.
10:42 of 1st period - Stopped by Igor Shesterkin with a rebound.
10:44 of 1st period - Wrist shot by Greg Pateryn.
10:44 of 1st period - Shot Misses the Net.
10:46 of 1st period - Snap shot by Bryan Rust.
10:46 of 1st period - Shot Misses the Net.
10:48 of 1st period - Backhand shot by Greg Pateryn.
10:48 of 1st period - Stopped by Igor Shesterkin without a rebound.
10:49 of 1st period - Dylan Larkin wins face-off versus Victor Rask in Royaux zone.
10:56 of 1st period - Snap shot by Dylan Larkin.
10:56 of 1st period - Shot Misses the Net.
10:58 of 1st period - Wrist shot by Tye McGinn.
10:58 of 1st period - Stopped by Michael Hutchinson with a rebound.
11:35 of 1st period - Sonny Milano is hit by Chris Brown and loses puck.
11:56 of 1st period - Greg Pateryn is hit by Dylan Larkin and loses puck.
12:03 of 1st period - Snap shot by Ben Hanowski.
12:03 of 1st period - Stopped by Michael Hutchinson with a rebound.
12:18 of 1st period - Philip Varone is hit by Simon Despres and loses puck.
12:40 of 1st period - Phil Oreskovic is hit by Greg Pateryn and loses puck.
12:53 of 1st period - Simon Despres is hit by Matthew Nieto and loses puck.
13:13 of 1st period - Mathieu Brodeur is hit by Phil Oreskovic and loses puck.
13:30 of 1st period - Phil Oreskovic is hit by Victor Rask and loses puck.
16:26 of 1st period - Peter Cehlarik is hit by Dylan Larkin and loses puck.
19:04 of 1st period - Tanner Pearson is hit by Jordie Benn and loses puck.
Goals for this period are 0 for Inferno vs 0 for Royaux.
Shots for this period are 7 for Inferno vs 8 for Royaux.
2nd period
0:01 of 2nd period - Dylan Larkin wins face-off versus Philip Varone in neutral zone.
0:04 of 2nd period - Bryan Rust is hit by Dylan Larkin and loses puck.
0:13 of 2nd period - Wrist shot by Bryan Rust.
0:13 of 2nd period - Shot Misses the Net.
0:15 of 2nd period - Snap shot by Tanner Pearson.
0:15 of 2nd period - Deflect By Philip Varone.
0:15 of 2nd period - Shot Misses the Net.
0:15 of 2nd period - Puck is out of play.
0:16 of 2nd period - Victor Rask wins face-off versus Mathew Barzal in Royaux zone.
0:28 of 2nd period - Slapshot by Marcus Pettersson.
0:28 of 2nd period - Stopped by Michael Hutchinson with a rebound.
0:30 of 2nd period - Snap shot by Marcus Pettersson.
0:30 of 2nd period - Stopped by Michael Hutchinson with a rebound.
0:32 of 2nd period - Slapshot by Jordie Benn.
0:32 of 2nd period - Stopped by Michael Hutchinson without a rebound.
0:33 of 2nd period - Dylan Larkin wins face-off versus Philip Varone in Inferno zone.
0:34 of 2nd period - Slapshot by Tye McGinn.
0:34 of 2nd period - Stopped by Michael Hutchinson with a rebound.
0:36 of 2nd period - Wrist shot by Ben Hanowski.
0:36 of 2nd period - Deflect By David Savard.
0:36 of 2nd period - Shot Misses the Net.
0:36 of 2nd period - Puck is out of play.
0:37 of 2nd period - Dylan Larkin wins face-off versus Philip Varone in Inferno zone.
0:46 of 2nd period - Bryan Rust is hit by Ben Hanowski and loses puck.
0:51 of 2nd period - Slapshot by Dylan Larkin.
0:51 of 2nd period - Shot Misses the Net.
0:59 of 2nd period - Minor Penalty to Esa Lindell for Holding.
1:00 of 2nd period - Dylan Larkin wins face-off versus Philip Varone in Inferno zone.
2:59 of 2nd period - Penalty to Esa Lindell is over, Esa Lindell is back on ice.
3:07 of 2nd period - Wrist shot by Danny Kristo.
3:07 of 2nd period - Stopped by Michael Hutchinson with a rebound.
3:17 of 2nd period - Wrist shot by Esa Lindell.
3:17 of 2nd period - Stopped by Igor Shesterkin with a rebound.
3:19 of 2nd period - Slapshot by Greg Pateryn.
3:19 of 2nd period - Deflect By Bryan Rust.
3:19 of 2nd period - Shot Misses the Net.
3:19 of 2nd period - Puck is out of play.
3:20 of 2nd period - Vladislav Namestnikov wins face-off versus Victor Rask in Royaux zone.
3:50 of 2nd period - Esa Lindell is hit by Sonny Milano and loses puck.
3:57 of 2nd period - Sonny Milano is hit by Esa Lindell and loses puck.
4:30 of 2nd period - Snap shot by Tye McGinn.
4:30 of 2nd period - Shot Blocked by David Savard.
4:47 of 2nd period - Icing by David Savard.
4:48 of 2nd period - Victor Rask wins face-off versus Vladislav Namestnikov in Inferno zone.
4:55 of 2nd period - Wrist shot by Victor Rask.
4:55 of 2nd period - Deflect By Matthew Nieto.
4:55 of 2nd period - Shot Misses the Net.
4:55 of 2nd period - Puck is out of play.
4:56 of 2nd period - Philip Varone wins face-off versus Mathew Barzal in Royaux zone.
5:39 of 2nd period - Off-side.
5:40 of 2nd period - Rourke Chartier wins face-off versus Chris Brown in neutral zone.
5:47 of 2nd period - Slapshot by Travis Sanheim.
5:47 of 2nd period - Stopped by Michael Hutchinson without a rebound.
5:48 of 2nd period - Dylan Larkin wins face-off versus Philip Varone in Inferno zone.
5:49 of 2nd period - Snap shot by Tye McGinn.
5:49 of 2nd period - Stopped by Michael Hutchinson without a rebound.
5:50 of 2nd period - Dylan Larkin wins face-off versus Philip Varone in Inferno zone.
5:51 of 2nd period - Snap shot by Tye McGinn.
5:51 of 2nd period - Shot Hit the Post.
5:53 of 2nd period - Minor Penalty to Greg Pateryn for Roughing.
5:54 of 2nd period - Philip Varone wins face-off versus Dylan Larkin in Inferno zone.
7:53 of 2nd period - Penalty to Greg Pateryn is over, Greg Pateryn is back on ice.
9:13 of 2nd period - Kasperi Kapanen is hit by Tanner Pearson and loses puck.
9:30 of 2nd period - Tye McGinn is hit by Ryan Spooner and loses puck.
10:29 of 2nd period - Esa Lindell is hit by Marcus Pettersson.
10:32 of 2nd period - Off-side.
10:33 of 2nd period - Chris Brown wins face-off versus Rourke Chartier in neutral zone.
10:46 of 2nd period - Snap shot by Peter Cehlarik.
10:46 of 2nd period - Deflect By Chris Brown.
10:46 of 2nd period - Shot Blocked by Sonny Milano.
10:46 of 2nd period - Puck is out of play.
10:47 of 2nd period - Mathew Barzal wins face-off versus Philip Varone in Royaux zone.
10:59 of 2nd period - Wrist shot by Philip Varone.
10:59 of 2nd period - Shot Blocked by Phil Oreskovic.
11:01 of 2nd period - Snap shot by Philip Varone.
11:01 of 2nd period - Shot Blocked by Brandon Pirri.
11:03 of 2nd period - Wrist shot by David Savard.
11:03 of 2nd period - Deflect By Phil Oreskovic.
11:03 of 2nd period - Goal by David Savard - Inferno : 1 - Royaux : 0.
11:04 of 2nd period - Bryan Rust wins face-off versus Dylan Larkin in neutral zone.
11:08 of 2nd period - Minor Penalty to Travis Sanheim for Tripping.
11:09 of 2nd period - Danny Kristo wins face-off versus Victor Rask in Royaux zone.
11:41 of 2nd period - Tye McGinn is hit by David Savard and loses puck.
12:34 of 2nd period - Slapshot by Garrett Wilson.
12:34 of 2nd period - Goal by Garrett Wilson - Inferno : 1 - Royaux : 1.
12:35 of 2nd period - Ryan Spooner wins face-off versus Danny Kristo in neutral zone.
12:50 of 2nd period - Off-side.
12:51 of 2nd period - Victor Rask wins face-off versus Danny Kristo in neutral zone.
12:56 of 2nd period - Snap shot by Tanner Pearson.
12:56 of 2nd period - Deflect By Victor Rask.
12:56 of 2nd period - Shot Blocked by Haydn Fleury.
12:56 of 2nd period - Puck is out of play.
12:57 of 2nd period - Victor Rask wins face-off versus Danny Kristo in Royaux zone.
13:00 of 2nd period - Wrist shot by Tanner Pearson.
13:00 of 2nd period - Goal by Tanner Pearson - Inferno : 2 - Royaux : 1.
13:01 of 2nd period - Dylan Larkin wins face-off versus Philip Varone in neutral zone.
13:06 of 2nd period - Snap shot by Dylan Larkin.
13:06 of 2nd period - Stopped by Michael Hutchinson without a rebound.
13:07 of 2nd period - Tye McGinn wins face-off versus Philip Varone in Inferno zone.
14:02 of 2nd period - Wrist shot by Ryan Spooner.
14:02 of 2nd period - Shot Misses the Net.
14:18 of 2nd period - Mathieu Joseph is hit by David Savard and loses puck.
14:46 of 2nd period - Snap shot by Peter Cehlarik.
14:46 of 2nd period - Shot Blocked by Haydn Fleury.
14:48 of 2nd period - Wrist shot by Peter Cehlarik.
14:48 of 2nd period - Shot Blocked by Phil Oreskovic.
16:15 of 2nd period - Wrist shot by Dylan Larkin.
16:15 of 2nd period - Shot Misses the Net.
16:20 of 2nd period - Icing by Mathieu Brodeur.
16:21 of 2nd period - Dylan Larkin wins face-off versus Victor Rask in Inferno zone.
16:28 of 2nd period - Snap shot by Tye McGinn.
16:28 of 2nd period - Stopped by Michael Hutchinson with a rebound.
16:38 of 2nd period - Dylan Larkin is hit by Kevin Labanc and loses puck.
17:21 of 2nd period - Snap shot by Dylan Larkin.
17:21 of 2nd period - Stopped by Michael Hutchinson with a rebound.
17:26 of 2nd period - Off-side.
17:27 of 2nd period - Philip Varone wins face-off versus Mathew Barzal in neutral zone.
17:40 of 2nd period - Snap shot by Travis Sanheim.
17:40 of 2nd period - Stopped by Michael Hutchinson with a rebound.
17:42 of 2nd period - Snap shot by Brandon Pirri.
17:42 of 2nd period - Shot Misses the Net.
17:59 of 2nd period - Slapshot by Sonny Milano.
17:59 of 2nd period - Stopped by Michael Hutchinson without a rebound.
18:00 of 2nd period - Ryan Spooner wins face-off versus Mathew Barzal in Inferno zone.
18:09 of 2nd period - Snap shot by Ryan Spooner.
18:09 of 2nd period - Shot Blocked by Phil Oreskovic.
18:11 of 2nd period - Slapshot by Ryan Spooner.
18:11 of 2nd period - Shot Blocked by Haydn Fleury.
18:25 of 2nd period - Snap shot by Phil Oreskovic.
18:25 of 2nd period - Stopped by Michael Hutchinson without a rebound.
18:26 of 2nd period - Sonny Milano wins face-off versus Philip Varone in Inferno zone.
18:56 of 2nd period - Icing by Jordie Benn.
18:57 of 2nd period - Rourke Chartier wins face-off versus Victor Rask in Royaux zone.
19:19 of 2nd period - Icing by Jordie Benn.
19:20 of 2nd period - Ryan Spooner wins face-off versus Mathew Barzal in Royaux zone.
19:23 of 2nd period - Wrist shot by Jake DeBrusk.
19:23 of 2nd period - Shot Blocked by Kasperi Kapanen.
19:25 of 2nd period - Wrist shot by Evgeny Svechnikov.
19:25 of 2nd period - Shot Blocked by Jordie Benn.
19:27 of 2nd period - Wrist shot by Jake DeBrusk.
19:27 of 2nd period - Shot Misses the Net.
19:49 of 2nd period - Slapshot by Marcus Pettersson.
19:49 of 2nd period - Shot Blocked by Esa Lindell.
19:51 of 2nd period - Snap shot by Jordie Benn.
19:51 of 2nd period - Deflect By Tye McGinn.
19:51 of 2nd period - Shot Blocked by David Savard.
19:51 of 2nd period - Puck is out of play.
19:52 of 2nd period - Philip Varone wins face-off versus Dylan Larkin in Inferno zone.
19:52 of 2nd period - Philip Varone is hit by Simon Despres.
Goals for this period are 2 for Inferno vs 1 for Royaux.
Shots for this period are 3 for Inferno vs 14 for Royaux.
3rd period
0:01 of 3rd period - Philip Varone wins face-off versus Mathew Barzal in neutral zone.
0:03 of 3rd period - Off-side.
0:04 of 3rd period - Philip Varone wins face-off versus Mathew Barzal in neutral zone.
0:17 of 3rd period - Tanner Pearson is hit by Simon Despres and loses puck.
0:36 of 3rd period - Snap shot by Kevin Labanc.
0:36 of 3rd period - Stopped by Igor Shesterkin with a rebound.
0:38 of 3rd period - Snap shot by Victor Rask.
0:38 of 3rd period - Deflect By Matthew Nieto.
0:38 of 3rd period - Stopped by Igor Shesterkin with a rebound.
1:12 of 3rd period - Slapshot by Simon Despres.
1:12 of 3rd period - Shot Blocked by Greg Pateryn.
1:22 of 3rd period - Snap shot by Ryan Spooner.
1:22 of 3rd period - Shot Misses the Net.
1:54 of 3rd period - Slapshot by Simon Despres.
1:54 of 3rd period - Shot Misses the Net.
2:37 of 3rd period - Wrist shot by Marcus Pettersson.
2:37 of 3rd period - Goal by Marcus Pettersson - Inferno : 2 - Royaux : 2.
2:38 of 3rd period - Philip Varone wins face-off versus Mathew Barzal in neutral zone.
2:51 of 3rd period - Slapshot by Kasperi Kapanen.
2:51 of 3rd period - Shot Misses the Net.
2:53 of 3rd period - Slapshot by Mathew Barzal.
2:53 of 3rd period - Goal by Mathew Barzal - Inferno : 2 - Royaux : 3.
2:54 of 3rd period - Mathew Barzal wins face-off versus Philip Varone in neutral zone.
2:57 of 3rd period - Snap shot by Kasperi Kapanen.
2:57 of 3rd period - Shot Misses the Net.
2:59 of 3rd period - Slapshot by Marcus Pettersson.
2:59 of 3rd period - Shot Misses the Net.
3:19 of 3rd period - Victor Rask is hit by Sonny Milano and loses puck.
4:22 of 3rd period - Mathew Barzal is hit by Tanner Pearson and loses puck.
4:29 of 3rd period - Snap shot by Tanner Pearson.
4:29 of 3rd period - Shot Misses the Net.
4:55 of 3rd period - Snap shot by Kasperi Kapanen.
4:55 of 3rd period - Stopped by Michael Hutchinson with a rebound.
5:11 of 3rd period - Slapshot by Rasmus Andersson.
5:11 of 3rd period - Stopped by Igor Shesterkin with a rebound.
5:17 of 3rd period - Wrist shot by Simon Despres.
5:17 of 3rd period - Shot Blocked by Philip Varone.
5:19 of 3rd period - Slapshot by Simon Despres.
5:19 of 3rd period - Shot Blocked by Frank Corrado.
5:21 of 3rd period - Snap shot by Brandon Pirri.
5:21 of 3rd period - Stopped by Michael Hutchinson with a rebound.
5:23 of 3rd period - Snap shot by Brandon Pirri.
5:23 of 3rd period - Stopped by Michael Hutchinson without a rebound.
5:24 of 3rd period - Victor Rask wins face-off versus Dylan Larkin in Inferno zone.
5:24 of 3rd period - Victor Rask is hit by Ben Hanowski.
5:50 of 3rd period - Rourke Chartier is hit by Ryan Spooner and loses puck.
6:13 of 3rd period - Snap shot by Barclay Goodrow.
6:13 of 3rd period - Shot Blocked by Jordie Benn.
6:39 of 3rd period - Wrist shot by Dylan Larkin.
6:39 of 3rd period - Deflect By Ben Hanowski.
6:39 of 3rd period - Shot Blocked by Kevin Labanc.
6:39 of 3rd period - Puck is out of play.
6:40 of 3rd period - Dylan Larkin wins face-off versus Ryan Spooner in Inferno zone.
7:00 of 3rd period - Evgeny Svechnikov is hit by Ben Hanowski and loses puck.
7:42 of 3rd period - Slapshot by Vladislav Namestnikov.
7:42 of 3rd period - Stopped by Michael Hutchinson with a rebound.
7:44 of 3rd period - Wrist shot by Garrett Wilson.
7:44 of 3rd period - Stopped by Michael Hutchinson without a rebound.
7:45 of 3rd period - Dylan Larkin wins face-off versus Philip Varone in Inferno zone.
7:56 of 3rd period - Wrist shot by Philip Varone.
7:56 of 3rd period - Shot Misses the Net.
7:58 of 3rd period - Wrist shot by Philip Varone.
7:58 of 3rd period - Shot Misses the Net.
8:00 of 3rd period - Wrist shot by Bryan Rust.
8:00 of 3rd period - Stopped by Igor Shesterkin without a rebound.
8:01 of 3rd period - Victor Rask wins face-off versus Kasperi Kapanen in Royaux zone.
8:04 of 3rd period - Slapshot by Matthew Nieto.
8:04 of 3rd period - Stopped by Igor Shesterkin without a rebound.
8:05 of 3rd period - Mathew Barzal wins face-off versus Victor Rask in Royaux zone.
9:16 of 3rd period - Snap shot by Peter Cehlarik.
9:16 of 3rd period - Shot Blocked by Haydn Fleury.
9:18 of 3rd period - Minor Penalty to Mathieu Joseph for High sticking.
9:19 of 3rd period - Victor Rask wins face-off versus Danny Kristo in Royaux zone.
9:24 of 3rd period - Wrist shot by Tanner Pearson.
9:24 of 3rd period - Stopped by Igor Shesterkin with a rebound.
9:26 of 3rd period - Wrist shot by Tanner Pearson.
9:26 of 3rd period - Shot Misses the Net.
9:30 of 3rd period - Slapshot by Esa Lindell.
9:30 of 3rd period - Shot Blocked by Simon Despres.
9:32 of 3rd period - Snap shot by Tanner Pearson.
9:32 of 3rd period - Stopped by Igor Shesterkin without a rebound.
9:33 of 3rd period - Tye McGinn wins face-off versus Victor Rask in Royaux zone.
9:48 of 3rd period - Slapshot by Esa Lindell.
9:48 of 3rd period - Stopped by Igor Shesterkin without a rebound.
9:49 of 3rd period - Danny Kristo wins face-off versus Victor Rask in Royaux zone.
10:44 of 3rd period - Kevin Labanc is hit by Brandon Pirri and loses puck.
10:48 of 3rd period - Icing by Mathieu Brodeur.
10:49 of 3rd period - Danny Kristo wins face-off versus Victor Rask in Inferno zone.
11:10 of 3rd period - Wrist shot by Ryan Spooner.
11:10 of 3rd period - Shot Misses the Net.
11:18 of 3rd period - Penalty to Mathieu Joseph is over, Mathieu Joseph is back on ice.
11:33 of 3rd period - Wrist shot by Brandon Pirri.
11:33 of 3rd period - Stopped by Michael Hutchinson with a rebound.
11:35 of 3rd period - Wrist shot by Jordie Benn.
11:35 of 3rd period - Stopped by Michael Hutchinson with a rebound.
11:37 of 3rd period - Wrist shot by Kasperi Kapanen.
11:37 of 3rd period - Shot Blocked by Esa Lindell.
11:39 of 3rd period - Snap shot by Brandon Pirri.
11:39 of 3rd period - Stopped by Michael Hutchinson with a rebound.
12:04 of 3rd period - Snap shot by Garrett Wilson.
12:04 of 3rd period - Stopped by Michael Hutchinson without a rebound.
12:05 of 3rd period - Vladislav Namestnikov wins face-off versus Victor Rask in Inferno zone.
12:35 of 3rd period - Simon Despres is hit by Bryan Rust and loses puck.
12:40 of 3rd period - Snap shot by Tanner Pearson.
12:40 of 3rd period - Shot Blocked by Simon Despres.
12:47 of 3rd period - Icing by Ben Hanowski.
12:48 of 3rd period - Mathew Barzal wins face-off versus Ryan Spooner in Royaux zone.
12:55 of 3rd period - Slapshot by Travis Sanheim.
12:55 of 3rd period - Stopped by Michael Hutchinson with a rebound.
13:01 of 3rd period - Simon Despres is hit by Jake DeBrusk and loses puck.
13:20 of 3rd period - Snap shot by Kevin Labanc.
13:20 of 3rd period - Stopped by Igor Shesterkin with a rebound.
13:22 of 3rd period - Slapshot by Greg Pateryn.
13:22 of 3rd period - Deflect By Matthew Nieto.
13:22 of 3rd period - Stopped by Igor Shesterkin with a rebound.
13:24 of 3rd period - Slapshot by Greg Pateryn.
13:24 of 3rd period - Shot Misses the Net.
13:26 of 3rd period - Slapshot by Kevin Labanc.
13:26 of 3rd period - Shot Misses the Net.
13:58 of 3rd period - Wrist shot by Ryan Spooner.
13:58 of 3rd period - Stopped by Igor Shesterkin with a rebound.
14:00 of 3rd period - Snap shot by Ryan Spooner.
14:00 of 3rd period - Stopped by Igor Shesterkin without a rebound.
14:01 of 3rd period - Rourke Chartier wins face-off versus Ryan Spooner in Royaux zone.
14:08 of 3rd period - Snap shot by Ryan Spooner.
14:08 of 3rd period - Stopped by Igor Shesterkin with a rebound.
14:10 of 3rd period - Wrist shot by Jake DeBrusk.
14:10 of 3rd period - Stopped by Igor Shesterkin with a rebound.
14:12 of 3rd period - Slapshot by Rasmus Andersson.
14:12 of 3rd period - Shot Misses the Net.
14:14 of 3rd period - Slapshot by Rasmus Andersson.
14:14 of 3rd period - Deflect By Ryan Spooner.
14:14 of 3rd period - Stopped by Igor Shesterkin without a rebound.
14:15 of 3rd period - Dylan Larkin wins face-off versus Philip Varone in Royaux zone.
14:24 of 3rd period - Snap shot by Marcus Pettersson.
14:24 of 3rd period - Deflect By Dylan Larkin.
14:24 of 3rd period - Stopped by Michael Hutchinson without a rebound.
14:25 of 3rd period - Philip Varone wins face-off versus Dylan Larkin in Inferno zone.
14:37 of 3rd period - Off-side.
14:38 of 3rd period - Philip Varone wins face-off versus Ben Hanowski in neutral zone.
14:55 of 3rd period - Snap shot by Bryan Rust.
14:55 of 3rd period - Stopped by Igor Shesterkin without a rebound.
14:56 of 3rd period - Mathew Barzal wins face-off versus Victor Rask in Royaux zone.
15:28 of 3rd period - Snap shot by Tye McGinn.
15:28 of 3rd period - Stopped by Michael Hutchinson without a rebound.
15:29 of 3rd period - Dylan Larkin wins face-off versus Philip Varone in Inferno zone.
16:23 of 3rd period - Wrist shot by Jake DeBrusk.
16:23 of 3rd period - Stopped by Igor Shesterkin without a rebound.
16:24 of 3rd period - Dylan Larkin wins face-off versus Tanner Pearson in Royaux zone.
16:57 of 3rd period - Snap shot by Brandon Pirri.
16:57 of 3rd period - Stopped by Michael Hutchinson without a rebound.
16:58 of 3rd period - Victor Rask wins face-off versus Dylan Larkin in Inferno zone.
17:49 of 3rd period - Wrist shot by Tanner Pearson.
17:49 of 3rd period - Shot Misses the Net.
17:51 of 3rd period - Slapshot by Esa Lindell.
17:51 of 3rd period - Shot Blocked by Haydn Fleury.
17:53 of 3rd period - Wrist shot by Esa Lindell.
17:53 of 3rd period - Deflect By Phil Oreskovic.
17:53 of 3rd period - Stopped by Igor Shesterkin with a rebound.
17:55 of 3rd period - Slapshot by Bryan Rust.
17:55 of 3rd period - Stopped by Igor Shesterkin with a rebound.
17:57 of 3rd period - Snap shot by Bryan Rust.
17:57 of 3rd period - Shot Blocked by Kasperi Kapanen.
17:59 of 3rd period - Slapshot by Tanner Pearson.
17:59 of 3rd period - Shot Misses the Net.
18:27 of 3rd period - Mathieu Joseph is hit by Barclay Goodrow and loses puck.
18:34 of 3rd period - Snap shot by Garrett Wilson.
18:34 of 3rd period - Stopped by Michael Hutchinson with a rebound.
18:46 of 3rd period - Rasmus Andersson is hit by Rourke Chartier and loses puck.
19:02 of 3rd period - Icing by Rourke Chartier.
19:03 of 3rd period - Garrett Wilson wins face-off versus Philip Varone in Royaux zone.
19:16 of 3rd period - Inferno, Michael Hutchinson is pulled from the net.
19:18 of 3rd period - Snap shot by Bryan Rust.
19:18 of 3rd period - Shot Blocked by Garrett Wilson.
19:20 of 3rd period - Snap shot by David Savard.
19:20 of 3rd period - Deflect By Bryan Rust.
19:20 of 3rd period - Goal by Bryan Rust - Inferno : 3 - Royaux : 3.
19:20 of 3rd period - Michael Hutchinson from Inferno was sent back in the game.
19:21 of 3rd period - Ryan Spooner wins face-off versus Rourke Chartier in neutral zone.
19:28 of 3rd period - Snap shot by Esa Lindell.
19:28 of 3rd period - Shot Blocked by Danny Kristo.
19:37 of 3rd period - Minor Penalty to Travis Sanheim for Interference.
19:38 of 3rd period - Victor Rask wins face-off versus Danny Kristo in Royaux zone.
19:50 of 3rd period - Slapshot by Esa Lindell.
19:50 of 3rd period - Stopped by Igor Shesterkin without a rebound.
19:51 of 3rd period - Tanner Pearson wins face-off versus Danny Kristo in Royaux zone.
19:56 of 3rd period - Backhand shot by Esa Lindell.
19:56 of 3rd period - Shot Misses the Net.
19:58 of 3rd period - Slapshot by David Savard.
19:58 of 3rd period - Stopped by Igor Shesterkin with a rebound.
Goals for this period are 1 for Inferno vs 2 for Royaux.
Shots for this period are 22 for Inferno vs 16 for Royaux.
Overtime #1
0:01 of 1st overtime period - Philip Varone wins face-off versus Garrett Wilson in neutral zone.
0:08 of 1st overtime period - Slapshot by David Savard.
0:08 of 1st overtime period - Shot Blocked by Jordie Benn.
1:37 of 1st overtime period - Penalty to Travis Sanheim is over, Travis Sanheim is back on ice.
3:05 of 1st overtime period - Wrist shot by Victor Rask.
3:05 of 1st overtime period - Shot Misses the Net.
3:25 of 1st overtime period - Marcus Pettersson is hit by Tanner Pearson.
3:29 of 1st overtime period - Tanner Pearson is hit by Phil Oreskovic and loses puck.
4:18 of 1st overtime period - Brandon Pirri is hit by Evgeny Svechnikov and loses puck.
Goals for this period are 0 for Inferno vs 0 for Royaux.
Shots for this period are 0 for Inferno vs 0 for Royaux.
ShootOut
5:00 of 1st overtime period - Round #1.
5:00 of 1st overtime period - Inferno, Tanner Pearson.
5:00 of 1st overtime period - Backhand shot by Tanner Pearson.
5:00 of 1st overtime period - Stopped by Igor Shesterkin.
5:00 of 1st overtime period - Royaux, Dylan Larkin.
5:00 of 1st overtime period - Backhand shot by Dylan Larkin.
5:00 of 1st overtime period - Stopped by Michael Hutchinson.
5:00 of 1st overtime period - Round #2.
5:00 of 1st overtime period - Inferno, Jake DeBrusk.
5:00 of 1st overtime period - Backhand shot by Jake DeBrusk.
5:00 of 1st overtime period - Shot Misses the Net.
5:00 of 1st overtime period - Royaux, Rourke Chartier.
5:00 of 1st overtime period - Snap shot by Rourke Chartier.
5:00 of 1st overtime period - Stopped by Michael Hutchinson.
5:00 of 1st overtime period - Round #3.
5:00 of 1st overtime period - Inferno, Evgeny Svechnikov.
5:00 of 1st overtime period - Snap shot by Evgeny Svechnikov.
5:00 of 1st overtime period - Stopped by Igor Shesterkin.
5:00 of 1st overtime period - Royaux, Danny Kristo.
5:00 of 1st overtime period - Deke by Danny Kristo.
5:00 of 1st overtime period - Goal by Danny Kristo.